 Dungeon Crawl Stone Soup version 0.19-a0-1821-g42c593c (webtiles) character file.

176 TheGoonsmith the Firebug (level 5, -7/28 HPs)
             Began as a Tengu Fire Elementalist on Oct 6, 2016.
             Killed from afar by an orc wizard (9 damage)
             ... with a puff of flame
             ... on level 3 of the Dungeon.
             The game lasted 00:04:31 (2642 turns).

TheGoonsmith the Firebug (Tengu Fire Elementalist)  Turns: 2642, Time: 00:04:32

Health: -7/28      AC:  2    Str:  9    XL:     5   Next: 56%
Magic:  4/10       EV: 12    Int: 16    God:
Gold:   112        SH:  0    Dex: 14    Spells: 3 memorised, 1 level left

rFire  . . .     SeeInvis .     v - +0 glaive
rCold  . . .     Gourm    .     a - +0 robe
rNeg   . . .     Faith    .     (shield currently unavailable)
rPois  .         Spirit   .     (helmet restricted)
rElec  .         Dismiss  .     (no cloak)
rCorr  .         Reflect  .     (no gloves)
MR     .....     Harm     .     (boots unavailable)
Stlth  ++........               (no amulet)
                                (no ring)
                                (no ring)

@: no status effects
A: beak, talons 3, able to fly 1
a: Fly


You were on level 3 of the Dungeon.
You were not hungry.

You visited 1 branch of the dungeon, and saw 3 of its levels.

You collected 112 gold pieces.

Inventory:

Hand Weapons
 d - a +0 dagger
 v - a +0 glaive (weapon)
Armour
 a - a +0 robe (worn)
Jewellery
 s - a +4 ring of dexterity {unknown}
 t - an uncursed ring of wizardry {unknown}
 u - a cursed -3 ring of evasion {unknown}
Scrolls
 e - 2 scrolls of magic mapping {unknown}
 f - 3 scrolls of random uselessness {unknown}
 h - a scroll of recharging {unknown}
 i - a scroll of amnesia {unknown}
 p - a scroll of fear {unknown}
 r - 2 scrolls of identify {unknown}
Potions
 g - a potion of lignification {unknown}
 n - 2 potions of heal wounds {unknown}
 o - a potion of magic {unknown}
 q - 3 potions of beneficial mutation {unknown}
Books
 b - a book of Flames

   Spells                             Type                      Level
   a - Flame Tongue                   Conjuration/Fire             1
   b - Throw Flame                    Conjuration/Fire             2
   c - Conjure Flame                  Conjuration/Fire             3
   d - Inner Flame                    Hexes/Fire                   3
   e - Sticky Flame                   Conjuration/Fire             4
   f - Fireball                       Conjuration/Fire             5
Comestibles
 c - 3 bread rations
 j - 2 fruits
 k - a meat ration
 l - a slice of pizza
 m - a chunk of flesh


   Skills:
 - Level 2.1 Dodging
 - Level 2.0 Stealth
 + Level 2.7 Spellcasting
 * Level 4.0 Conjurations
 * Level 5.2 Fire Magic


You had one spell level left.
You knew the following spells:

 Your Spells              Type           Power        Failure   Level  Hunger
a - Flame Tongue          Conj/Fire      ###..        3%          1    #......
c - Conjure Flame         Conj/Fire      ###.....     12%         3    ###....
s - Sticky Flame          Conj/Fire      ###.....     34%         4    #####..


Dungeon Overview and Level Annotations

Branches:
Dungeon (3/15)

Altars:
Ashenzari
Cheibriados
Gozag
Okawaru
Ru
Xom
Yredelemnul


Innate Abilities, Weirdness & Mutations

You have a beak for a mouth.
You have claws for feet.
You can fly.


Message History

The orc wizard flickers and vanishes!
Deactivating autopickup; reactivate with Ctrl-A.
The orc barely misses you. The orc hits you with a flail.
You bump into the rock wall.
Something hits you.
You bump into the rock wall.
You bump into the rock wall.
Something hits you. The orc hits you with a hand axe.
You miss something. Your peck misses something.
You feel less confused. Something hits you. The orc barely misses you.
Something hits you.
You closely miss something. The orc barely misses you. Something hits you.
* * * LOW HITPOINT WARNING * * *
The orc closely misses you.
You closely miss something. Something hits you.
* * * LOW HITPOINT WARNING * * *
The orc misses you.
You hear some strange, mumbled words.
A puff of flame appears from out of thin air!
The puff of flame hits you!
You die...

####### #.....#
################.....#
#....@........<.......
#.####o#########.....#
###>####o#### #.....#
............#### ##..#.#
.##.####.......####..##.
#.........##..#.#
#.###.....##.....
#)......._.......
....[####.....##.....


You could see 2 orcs.

Vanquished Creatures
  A centaur zombie (D:3)
  An orc wizard (D:3)
  5 adders
  An ooze (D:2)
  2 dart slugs (D:1)
  A leopard gecko (D:1)
  An orc (D:3)
  3 giant cockroaches (D:1)
  7 goblins
  9 hobgoblins
  9 jackals (D:1)
  A quokka (D:2)
  9 bats
  3 frilled lizards
  6 kobolds
  5 rats (D:1)
64 creatures vanquished.

Notes
Turn   | Place    | Note
-------+----------+-------------------------------------------
     0 | D:1      | TheGoonsmith the Tengu Fire Elementalist began the quest for the Orb.
     0 | D:1      | Reached XP level 1. HP: 10/10 MP: 4/4
   177 | D:1      | Reached XP level 2. HP: 10/15 MP: 0/6
   776 | D:1      | Reached skill level 4 in Fire Magic
   867 | D:1      | Reached XP level 3. HP: 8/19 MP: 3/7
  1766 | D:2      | Reached XP level 4. HP: 24/24 MP: 5/8
  1941 | D:2      | Learned a level 4 spell: Sticky Flame
  1945 | D:2      | Learned a level 3 spell: Conjure Flame
  2356 | D:2      | Found a sacrificial altar of Ru.
  2408 | D:2      | Found a shimmering altar of Xom.
  2410 | D:2      | Found a snail-covered altar of Cheibriados.
  2410 | D:2      | Found a shimmering altar of Xom.
  2412 | D:2      | Found an iron altar of Okawaru.
  2412 | D:2      | Found a shattered altar of Ashenzari.
  2412 | D:2      | Found an opulent altar of Gozag.
  2502 | D:3      | Gained mutation: You can fly. [Tengu growth]
  2502 | D:3      | Reached XP level 5. HP: 28/28 MP: 5/9
  2552 | D:3      | Reached skill level 5 in Fire Magic
  2599 | D:3      | Found a basalt altar of Yredelemnul.
  2642 | D:3      | Killed from afar by an orc wizard

Vault maps used:
D:1:      elethiomel_arrival_maze, st_stairs_5, minmay_strange_pillars,
          serial_bayou_pond_d
D:2:      marbit_many_paths, doesnt_xom_only_xom, minmay_misc_feat_tiny
D:3:      overflow_temple_1_default, first_bread, uniq_robin

Skill      XL: |  1  2  3  4  5 |
---------------+----------------+-----
Conjurations   | 2 3 4 |  4.0
Fire Magic     | 4 5 |  5.2
Dodging        | |  2.1
Stealth        | |  2.0
Spellcasting   | |  2.7

Action                   |  1- 3 |  4- 6 || total
-------------------------+-------+-------++-------
Melee: Dagger            |    27 |     1 ||    28
       Peck              |     5 |       ||     5
       Kick              |     5 |     2 ||     7
       Glaive            |       |     5 ||     5
 Cast: Flame Tongue      |    70 |    46 ||   116
       Conjure Flame     |       |     2 ||     2
  Eat: Chunk             |     4 |     3 ||     7
Armor: Robe              |     9 |     4 ||    13
Dodge: Dodged            |    31 |    17 ||    48
